 Dungeon Crawl Stone Soup version 0.31.0-10-gcf4a605ca0 (webtiles) character file.

Game seed: 17094257274466886336

71215 gelatine the Cleaver (level 14, -7/108 HPs)
             Began as a Demonspawn Fighter on Jan 26, 2024.
             Killed from afar by an orc sorcerer (31 damage)
             ... with a bolt of fire
             ... on level 2 of the Orcish Mines.
             The game lasted 00:55:04 (19756 turns).

gelatine the Cleaver (Demonspawn Fighter)          Turns: 19756, Time: 00:55:04

Health: -7/108     AC: 25    Str: 31    XL:     14   Next: 97%
Magic:  22/22      EV: 10    Int:  9    God:
Gold:   1859       SH: 20    Dex: 10    Spells: 20/24 levels left

rFire   . . .        R - +1 broad axe (flame)
rCold   + + .        O - +0 kite shield of Blue Intercession {rPois Str+3}
rNeg    . . .        Z - +2 crystal plate armour {rC+}
rPois   +            (no helmet)
rElec   .            I - scarf {shadows}
rCorr   +            y - +2 pair of gloves of Rauq {Rampage rC+ rCorr}
SInv    .            (no boots)
Will    +....        N - amulet of reflection Stlth
                     t - +6 ring of strength
HPRegen 0.38/turn    j - ring of flight
MPRegen 0.18/turn

%: reflection, clarity, rampage
@: flying, studying Ice Magic
A: hooves 2, repulsion field 2, icemail 2, condensation shield, demonic magic 2,
large bone plates 1, clarity, clumsy 1
a: no special abilities


You were on level 2 of the Orcish Mines.
You visited 4 branches of the dungeon, and saw 18 of its levels.
You also visited: Ossuary, Bailey and Ice Cave.

You collected 2399 gold pieces.
You spent 540 gold pieces at shops.

Inventory:

Hand Weapons
 R - a +1 broad axe of flaming (weapon)
Missiles
 h - 50 poisoned darts
 q - 2 throwing nets
 s - 22 boomerangs (quivered)
 v - 8 curare-tipped darts
Armour
 f - a +0 tower shield
 p - +0 acid dragon scales
 u - a +2 helmet
 y - the +2 pair of gloves of Rauq (worn) {Rampage rC+ rCorr}
   (You found it on level 4 of the Dungeon)

   rC+:       It protects you from cold.
   rCorr:     It protects you from acid and corrosion.
   Rampage:   It bestows one free step when moving towards enemies.
 D - a +1 ring mail of willpower
 F - a +2 pair of gloves of hurling
 H - a +1 troll leather armour
 I - a scarf of shadows (worn)
 O - the +0 kite shield of Blue Intercession (worn) {rPois Str+3}
   (You found it on level 9 of the Dungeon)

   Str+3:     It affects your strength (+3).
   rPois:     It protects you from poison
 P - a +3 leather armour of cold resistance
 S - +1 steam dragon scales
 Y - a +2 kite shield of cold resistance
 Z - a +2 crystal plate armour of cold resistance (worn)
Jewellery
 j - a ring of flight (right hand)
 k - a +6 ring of strength
 t - a +6 ring of strength (left hand)
 x - the ring of Butitaek {^Drain rElec rF+++ rN+ Will+}
   (You found it on level 5 of the Lair of Beasts)

   [ring of willpower]

   rF+++:     It renders you almost immune to fire.
   rElec:     It insulates you from electricity.
   rN+:       It protects you from negative energy.
   Will+:     It increases your willpower.
   ^Drain:    It drains your maximum health when unequipped.
 K - a ring of protection from fire
 N - an amulet of reflection (around neck)
 T - a ring of see invisible
 U - the ring "Tiut" {rElec rC+ Str+3 SInv Stlth-}
   (You found it on level 5 of the Lair of Beasts)

   [ring of protection from cold]

   Str+3:     It affects your strength (+3).
   rC+:       It protects you from cold.
   rElec:     It insulates you from electricity.
   SInv:      It lets you see invisible.
   Stlth-:    It makes you less stealthy.
 V - a ring of willpower
 X - the ring "Netim" {rPois rF+ MP+9 Dex-2 Slay+5}
   (You found it in an ice cave)

   [ring of protection from fire]

   Dex-2:     It affects your dexterity (-2).
   Slay+5:    It affects your accuracy & damage with ranged weapons and melee
   (+5).
   rF+:       It protects you from fire.
   rPois:     It protects you from poison MP+9: It affects your magic capacity
   (+9).
Wands
 b - a wand of polymorph (13)
 c - a wand of light (3)
 i - a wand of paralysis (3)
 o - a wand of digging (9)
 G - a wand of mindburst (9)
 J - a wand of roots (18)
 M - a wand of flame (35)
Scrolls
 e - 4 scrolls of revelation
 g - 2 scrolls of blinking
 n - 7 scrolls of poison
 A - 5 scrolls of teleportation
 C - a scroll of fog
 Q - a scroll of fear
Potions
 a - a potion of invisibility
 d - 6 potions of might
 l - 2 potions of heal wounds
 m - 7 potions of curing
 z - 3 potions of cancellation
 B - 6 potions of haste
 E - 3 potions of enlightenment
 L - a potion of resistance {unknown}
Miscellaneous
 r - a sack of spiders
 w - a lightning rod (4/4)


   Skills:
 * Level 9.0 Fighting
 * Level 13.8 Axes
 + Level 4.3 Throwing
 * Level 9.3 Armour
 * Level 7.9 Dodging
 + Level 2.7 Stealth
 * Level 10.7 Shields
 + Level 5.6 Spellcasting
 + Level 4.5 Conjurations
 + Level 4.1 Alchemy
 * Level 6.0 Evocations


You had 20 spell levels left.
You knew the following spells:

 Your Spells              Type           Power      Damage    Failure   Level
a - Fulminant Prism       Conj/Alch      5%         3d7       100%        4

Your spell library contained the following spells:

 Spells                   Type           Power      Damage    Failure   Level
 Magic Dart               Conj           40%        1d5       80%         1
 Searing Ray              Conj           20%        2d5       90%         2
 Momentum Strike          Conj/Tloc      12%        3d8       99%         2
 Summon Small Mammal      Summ           8%         N/A       100%        1
 Blink                    Tloc           4%         N/A       100%        2
 Call Imp                 Summ           4%         N/A       100%        2
 Lesser Beckoning         Tloc           4%         N/A       100%        2
 Sublimation of Blood     Necr           2%         N/A       100%        2
 Call Canine Familiar     Summ           2%         N/A       100%        3
 Cause Fear               Hex            1%         N/A       100%        4
 Summon Blazeheart Golem  Fire/Summ      2%         N/A       100%        4
 Fireball                 Conj/Fire      3%         3d4       100%        5
 Summon Forest            Summ/Tloc      1%         N/A       100%        5
 Summon Mana Viper        Hex/Summ       2%         N/A       100%        5
 Summon Cactus Giant      Summ           1%         N/A       100%        6
 Summon Hydra             Summ           1%         N/A       100%        7
 Dragon's Call            Summ           1%         N/A       100%        9


Dungeon Overview and Level Annotations

Branches:
Dungeon (10/15)            Temple (1/1) D:4            Lair (5/5) D:9
 Shoals (0/4) Lair:2        Snake (0/4) Lair:2        Slime (0/5) Lair:4
    Orc (2/2) D:9             Elf (0/3) Orc:2       Ossuary (visited)
 Bailey (visited)           IceCv (visited)

Altars:
Ashenzari
Cheibriados
Dithmenos
Fedhas
Gozag
Hepliaklqana
Kikubaaqudgha
Makhleb
Nemelex Xobeh
Okawaru
Qazlal
Ru
Sif Muna
Trog
Uskayaw
Vehumet
Wu Jian
Xom
Yredelemnul
Jiyva

Shops:
D:3 [   D:8 *

Annotations:
D:9 3 runed translucent doors, VoidStrider's ghost, novice TeAE
Lair:4 1 runed translucent door


Innate Abilities, Weirdness & Mutations

You have hoof-like feet.
You are surrounded by a moderate repulsion field. (EV +3)
A meltable icy envelope protects you from harm. (AC +0)
A meltable shield of frost defends you. (SH +0)
Spells you cast may paralyse nearby enemies.
You are partially covered in large bone plates. (SH +4)
You possess an exceptional clarity of mind.
You are clumsy. (Dex -2)


Message History

The orc warrior no longer looks unusually strong.
The orc knight roars a battlecry!
The orcs go into a battle-frenzy!
Cornered, the orc warrior turns to fight!
The orc sorcerer no longer looks unusually strong.
The orc warrior attacks as it pursues you!
You block the orc warrior's attack. You block the sixfirhy's attack.
The sixfirhy barely misses you.
The sixfirhy hits you but does no damage.
You block the sixfirhy's attack. The sixfirhy attacks as it pursues you!
You block the sixfirhy's attack. The sixfirhy closely misses you.
Things that are here:
a +0 hand axe; a +0 chain mail; an orc corpse The sixfirhy attacks as it pursues you!
You block the sixfirhy's attack.
The sixfirhy hits you but does no damage.
You block the sixfirhy's attack. The sixfirhy hits you!
* * * LOW HITPOINT WARNING * * *
The sixfirhy shocks you!
* * * LOW HITPOINT WARNING * * *
Items here: ))) [[ †.
Blink to where?
Press: ? - help, Q - select action, (/) - cycle Dir - move target, p - sixfirhy
As you read the scroll of blinking, it crumbles to dust.
The sixfirhy hits you but does no damage.
You block the sixfirhy's attack. You block the sixfirhy's attack.
The sixfirhy hits you but does no damage.
You miss the sixfirhy. Your kick misses the sixfirhy.
Unknown command.
You miss the sixfirhy. Your kick misses the sixfirhy.
Unknown command.
You miss the sixfirhy. You kick the sixfirhy.
The sixfirhy is lightly wounded.
The sixfirhy disappears in a puff of smoke!
Unknown command.
You rampage towards the orc sorcerer!
The orc sorcerer gestures at you while chanting.
The bolt of fire hits you!!
You die...

######### ##.......# ....##.#
#........# ##... ........
###........# #..... .......#
##...)))....# #.....#
#......######....).)....# #.....
#..........##.....)3)...#
.....### #........#o..3.....#)oo.
.......####.....@.oo..#.....##o4.
.........#......###.####.....#.44
.........#......# ### ##....##..
.....).........## #...####.
.##.........#.## ##.## ##
###.....).### # ###.....#####
#......).#..# #...........#


You could see an orc knight, a soul eater (summoned), an orc sorcerer and an orc
warrior.

Vanquished Creatures
  An orc warlord (Bailey)
  A fire dragon (Lair:5)
  Harold (Lair:1)
  4 hydras
  2 ice dragons
  A catoblepas (Lair:1)
  A boulder beetle (Lair:2)
  A two-headed ogre (D:7)
  3 death yaks (Lair:4)
  An orc high priest (Orc:1)
  A swamp dragon (Lair:5)
  4 orc knights
  2 wolf spiders
  2 orc sorcerers (Orc:1)
  A manticore (Lair:2)
  8 elephants
  2 kobold blastminers (Orc:2)
  12 black mambas
  Joseph (D:8)
  A guardian serpent (Lair:5)
  3 ice statues
  9 komodo dragons
  10 rime drakes
  17 cane toads
  Maggie (Lair:1)
  Prince Ribbit (D:8)
  A wind drake (Lair:2)
  5 hornets
  3 trolls
  4 polar bears (Lair:5)
  7 dream sheep (Lair:3)
  13 blink frogs
  11 wyverns
  2 wraiths
  48 yaks
  6 basilisks
  2 wargs (Orc:1)
  2 redbacks (Lair:5)
  6 steam dragons
  3 acid dragons
  3 nagas (Lair:2)
  26 water moccasins
  The ghost of ssalbiz the Conjurer, an amateur DECj (D:5)
  A sky beast (D:6)
  3 black bears
  11 orc warriors
  6 ice beasts (Lair:5)
  A swamp drake (Lair:5)
  24 wolves
  5 ogres
  A centaur (D:5)
  2 phantoms (D:5)
  2 weeping skulls (Ossuary)
  An elf zombie (Ossuary)
  4 kobold brigands
  12 bullfrogs
  A scorpion (D:5)
  7 wights
  26 killer bees
  4 lindwurm simulacra (IceCv)
  An electric eel (Lair:1)
  4 howler monkeys (D:9)
  A bombardier beetle (D:7)
  A crimson imp (D:8)
  6 komodo dragon simulacra (IceCv)
  4 hounds
  7 orc priests
  5 jellies
  A sleepcap (D:5)
  5 iguanas
  13 orc wizards
  A statue (D:7)
  5 mummies
  2 gnolls (Bailey)
  6 adders
  5 acid dragon simulacra (IceCv)
  A shadow imp (D:6)
  16 white imps
  6 steam dragon simulacra (IceCv)
  5 dart slugs
  4 ribbon worms
  40 orcs
  7 ball pythons
  12 endoplasms
  8 giant cockroaches
  17 goblins
  12 hobgoblins
  3 jackals (D:1)
  36 kobolds
  3 quokkas
  5 bats
  3 frilled lizards
  A gnoll zombie (Ossuary)
  2 kobold zombies (Ossuary)
  4 orc zombies (Ossuary)
  4 rats
601 creatures vanquished.

Vanquished Creatures (others)
  Sonja (Lair:1)
  A centaur (D:8)
  An orc (D:8)
3 creatures vanquished.

Grand Total: 604 creatures vanquished

Notes
Turn   | Place    | Note
-------+----------+-------------------------------------------
     0 | D:1      | gelatine the Demonspawn Fighter began the quest for the
                  | Orb.
     0 | D:1      | Reached XP level 1. HP: 18/18 MP: 1/1
    61 | D:1      | Reached skill level 2 in Axes
    68 | D:1      | Gained mutation: You have large cloven feet. [demonic
                  | ancestry]
    68 | D:1      | Reached XP level 2. HP: 13/24 MP: 2/2
   508 | D:1      | Gained mutation: You have hoof-like feet. [demonic
                  | ancestry]
   508 | D:1      | Reached XP level 3. HP: 29/29 MP: 3/3
  1225 | D:2      | Gained mutation: Spells you cast may paralyse adjacent
                  | enemies. [demonic ancestry]
  1225 | D:2      | Reached XP level 4. HP: 6/35 MP: 4/4
  1599 | D:2      | Reached skill level 3 in Axes
  2045 | D:3      | Found Tuefor's Antique Armour Boutique.
  2115 | D:3      | Found a faded altar of an unknown god.
  2206 | D:3      | Gained mutation: A meltable shield of frost defends you.
                  | (SH +0) [demonic ancestry]
  2206 | D:3      | Reached XP level 5. HP: 41/41 MP: 5/5
  2347 | D:3      | Noticed an ogre
  2359 | D:3      | Killed an ogre
  2360 | D:3      | Reached skill level 1 in Dodging
  2983 | D:4      | Identified the +2 pair of gloves of Rauq {Rampage rC+
                  | rCorr}
  3016 | D:4      | Reached skill level 4 in Axes
  3016 | D:4      | Gained mutation: Spells you cast may paralyse nearby
                  | enemies. [demonic ancestry]
  3016 | D:4      | Reached XP level 6. HP: 35/47 MP: 6/6
  3140 | D:4      | Found a staircase to the Ecumenical Temple.
  3167 | Temple   | Entered the Ecumenical Temple
  3233 | D:4      | You fall into a shaft and drop 1 floor!
  3233 | D:5      | Entered Level 5 of the Dungeon
  3490 | D:5      | Found a large runed translucent door.
  3492 | D:5      | Found a large runed translucent door.
  3563 | D:5      | Noticed ssalbiz's ghost (amateur DECj)
  3598 | D:5      | Found a sand-covered staircase.
  3605 | Ossuary  | Entered an ossuary
  3640 | Ossuary  | Reached skill level 5 in Axes
  3640 | Ossuary  | Reached XP level 7. HP: 46/53 MP: 7/7
  3752 | Ossuary  | Reached skill level 1 in Spellcasting
  4105 | D:5      | Reached skill level 6 in Axes
  4305 | D:5      | Gained mutation: You are surrounded by a mild repulsion
                  | field. (EV +2) [demonic ancestry]
  4305 | D:5      | Reached XP level 8. HP: 60/60 MP: 9/9
  4639 | D:5      | Killed ssalbiz's ghost
  4993 | D:6      | Reached skill level 7 in Axes
  5041 | D:6      | Reached skill level 5 in Armour
  5650 | D:7      | Gained mutation: A meltable icy envelope protects you from
                  | harm. (AC +0) [demonic ancestry]
  5650 | D:7      | Reached XP level 9. HP: 32/66 MP: 12/12
  5877 | D:7      | Found a shimmering blue altar of Sif Muna.
  6125 | D:7      | Reached skill level 5 in Fighting
  6232 | D:7      | Reached skill level 8 in Axes
  6279 | D:7      | Reached skill level 1 in Stealth
  6424 | D:7      | Found a radiant altar of Vehumet.
  6669 | D:8      | Noticed a two-headed ogre
  6671 | D:8      | Noticed a two-headed ogre
  6671 | D:8      | Noticed Prince Ribbit
  6673 | D:8      | Found Zeuky's Demolitions Depot.
  7055 | D:7      | Killed a two-headed ogre
  7056 | D:7      | Reached skill level 1 in Throwing
  7056 | D:7      | Reached skill level 5 in Shields
  7232 | D:8      | Killed Prince Ribbit
  7350 | D:8      | Noticed Joseph
  7371 | D:8      | Killed Joseph
  7372 | D:8      | Reached skill level 9 in Axes
  7372 | D:8      | Reached XP level 10. HP: 33/74 MP: 14/14
  7950 | D:8      | Found a burning altar of Makhleb.
  8009 | D:9      | Identified the +0 kite shield of Blue Intercession {rPois
                  | Str+3}
  8102 | D:9      | Found a hide-covered altar of Uskayaw.
  8158 | D:9      | Found a staircase to the Orcish Mines.
  8161 | D:9      | Found a sparkling altar of Nemelex Xobeh.
  8254 | D:9      | Found a staircase to the Lair.
  8279 | D:9      | Found an ancient bone altar of Kikubaaqudgha.
  8372 | D:9      | Noticed a centaur warrior
  8373 | D:9      | Noticed a green ugly thing
  8373 | D:9      | Noticed a manticore
  8373 | D:9      | Noticed a green ugly thing
  8382 | D:9      | Noticed a seven-headed hydra
  8394 | D:9      | Noticed a boulder beetle
  8782 | D:9      | Found a runed translucent gate.
  8783 | D:9      | Found a runed translucent gate.
  8783 | D:9      | Found a runed translucent gate.
  8895 | D:9      | Noticed VoidStrider's ghost (novice TeAE)
  8926 | D:10     | Entered Level 10 of the Dungeon
  9358 | D:10     | Found a flagged portal.
  9381 | Bailey   | Entered a bailey
  9433 | Bailey   | Noticed an orc warlord
  9500 | Bailey   | Reached XP level 11. HP: 67/81 MP: 16/16
  9506 | Bailey   | Noticed an orc knight
  9523 | Bailey   | Killed an orc knight
  9571 | Bailey   | Reached skill level 10 in Axes
  9586 | Bailey   | Found a runed translucent gate.
  9586 | Bailey   | Found a runed translucent gate.
  9586 | Bailey   | Found a runed translucent gate.
  9617 | Bailey   | Reached skill level 5 in Dodging
  9936 | Bailey   | Killed an orc warlord
 10041 | Bailey   | Identified the +1 quarterstaff "Beetlebane" {flame, Str+3}
 10101 | D:10     | Learned a level 4 spell: Fulminant Prism
 10101 | D:10     | Reached XP level 12. HP: 89/89 MP: 17/19
 10710 | D:3      | Bought a glowing troll leather armour for 540 gold pieces
 10869 | Lair:1   | Entered Level 1 of the Lair of Beasts
 11058 | Lair:1   | Noticed Harold
 11084 | Lair:1   | Killed Harold
 11085 | Lair:1   | Reached skill level 5 in Spellcasting
 11145 | Lair:1   | Noticed Sonja
 11206 | Lair:1   | Reached skill level 11 in Axes
 11247 | Lair:1   | Killed Sonja
 11352 | Lair:1   | Noticed a catoblepas
 11373 | Lair:1   | Killed a catoblepas
 11507 | Lair:1   | Noticed Maggie
 11525 | Lair:1   | Killed Maggie
 11978 | Lair:2   | Noticed a boulder beetle
 12001 | Lair:2   | Killed a boulder beetle
 12005 | Lair:2   | Found a staircase to the Shoals.
 12032 | Lair:2   | Gained mutation: You are surrounded by a moderate repulsion
                  | field. (EV +3) [demonic ancestry]
 12032 | Lair:2   | Reached XP level 13. HP: 76/96 MP: 19/21
 12167 | Lair:2   | Found a staircase to the Snake Pit.
 13884 | Lair:4   | Found a frozen archway.
 13914 | IceCv    | Entered an ice cave
 14634 | IceCv    | Identified the ring "Netim" {rPois rF+ MP+9 Dex-2 Slay+5}
 14938 | Lair:4   | Reached skill level 12 in Axes
 15848 | Lair:4   | Found a runed translucent door.
 15849 | Lair:4   | Found a viscous altar of Jiyva.
 15849 | Lair:4   | Noticed an azure jelly
 15850 | Lair:4   | Noticed an azure jelly
 15851 | Lair:4   | Found a staircase to the Slime Pits.
 16265 | Lair:5   | Entered Level 5 of the Lair of Beasts
 16283 | Lair:5   | Gained mutation: A meltable icy envelope protects you from
                  | harm. (AC +0) [demonic ancestry]
 16283 | Lair:5   | Reached XP level 14. HP: 103/105 MP: 22/22
 16619 | Lair:5   | Reached skill level 5 in Evocations
 16813 | Lair:5   | Reached skill level 13 in Axes
 17187 | Lair:5   | Reached skill level 10 in Shields
 17695 | Lair:5   | Gained mutation: You have a pair of small horns on your
                  | head. [potion of mutation]
 17696 | Lair:5   | Lost mutation: You have a pair of small horns on your head.
                  | [potion of mutation]
 17696 | Lair:5   | Gained mutation: You are partially covered in large bone
                  | plates. (SH +4) [potion of mutation]
 17696 | Lair:5   | Gained mutation: You are clumsy. (Dex -2) [potion of
                  | mutation]
 17696 | Lair:5   | Gained mutation: You possess an exceptional clarity of
                  | mind. [potion of mutation]
 18626 | Lair:5   | Identified the ring of Butitaek {^Drain rElec rF+++ rN+
                  | Will+}
 18629 | Lair:5   | Identified the ring "Tiut" {rElec rC+ Str+3 SInv Stlth-}
 18764 | Orc:1    | Entered Level 1 of the Orcish Mines
 19478 | Orc:2    | Entered Level 2 of the Orcish Mines
 19479 | Orc:2    | Found a staircase to the Elven Halls.
 19756 | Orc:2    | Killed from afar by an orc sorcerer

Illustrated notes

Levels and vault maps discovered:
D:1:      minmay_arrival_shattered_statue, layout_loops_corners,
          minmay_pentomino_u4
D:2:      layout_rooms, grunt_decor_arrowhead
D:3:      layout_loops_corners, elyvilon_altar_3, serial_shops, shop,
          shapermc_ecumenical_altar_totnotflames
D:4:      layout_cave_pools, minmay_temple_entry_ruins
D:5:      layout_gridville, ebering_ghost_disaster_area,
          gup_ossuary_entry_pyramid
D:6:      layout_rooms
D:7:      layout_loops_ring, zin_scriptorium, tgw_sif, vehumet_statue
D:8:      layout_cave_pools, makhleb_grotto_becter, nicolae_blasting_shop,
          uniq_joseph, uniq_prince_ribbit1
D:9:      layout_small_grid, mainiacjoe_overflow_chevrons,
          kiku_gazebo_pond_becter, old_standard_altar, lair_entry_dummy,
          orc_0_dummy, gammafunk_ghost_ooze, minivault_12
D:10:     nicolae_BIG_FREAKIN_CUBE, layout_irregular_city, enter_bailey_2,
          kennysheep_crisscross, minmay_misc_feat_five
Temple:   nicolae_temple_great_sept
Lair:1:   layout_regular_city, grunt_megastairs_2, infiniplex_staircase_pool,
          serial_bayou_shore_b, uniq_harold, uniq_sonja, uniq_maggie
Lair:2:   layout_cave_pods, minmay_shoals_entry_beasts,
          nicolae_snake_entry_squirm, nzn_sisyphean_effort
Lair:3:   layout_chaotic_city, serial_forest, infiniplex_forest_clump_cross,
          infiniplex_forest_clump_medium, infiniplex_forest_straight_2,
          infiniplex_forest_end_3, infiniplex_forest_end_2,
          infiniplex_forest_zigzag_1, infiniplex_forest_clump_small
Lair:4:   layout_cave_pods, slime_entry_2, portal_ice_cave_entry_imps,
          st_stairs_11, minivault_11, nicolae_quartered_pool_impasse,
          nicolae_lair_run_with_the_wolves
Lair:5:   hangedman_lair_tendril_chambers, layout_gridlike,
          guppyfry_lair_end_dragon, chequers_serial_rivers_micro_d, st_stairs_4,
          ice2_lemuel
Orc:1:    layout_caves, regret_index_minedec_shroomtown_chain,
          david_defended_altar_orc, uniq_urug
Orc:2:    grunt_orc_tribal_feast, layout_diamond_mine, basic_altar

Skill      XL: |  1  2  3  4  5  6  7  8  9 10 11 12 13 14 |
---------------+-------------------------------------------+-----
Axes           | 2 3 4 5 6 7 9 10 11 12 13 | 13.8
Armour         | 3 4 5 6 7 8 9 |  9.3
Shields        | 3 4 5 6 7 8 9 10 | 10.7
Dodging        | 1 2 3 4 5 6 7 |  7.9
Fighting       | 4 5 6 7 8 9 |  9.0
Spellcasting   | 1 2 3 4 5 |  5.6
Stealth        | 1 2 |  2.7
Throwing       | 2 3 4 |  4.3
Conjurations   | 2 3 4 |  4.5
Alchemy        | 2 3 4 |  4.1
Evocations     | 2 3 4 6 |  6.0

Action                     |  1- 3 |  4- 6 |  7- 9 | 10-12 | 13-15 || total
---------------------------+-------+-------+-------+-------+-------++-------
  Melee: War axe           |    95 |   168 |   280 |   515 |       ||  1058
         Kick              |    16 |    41 |    81 |   183 |   286 ||   607
         Unarmed           |       |       |       |     4 |       ||     4
         Broad axe         |       |       |       |    36 |   829 ||   865
  Throw: Dart              |       |       |    31 |    26 |       ||    57
         Stone             |       |       |    17 |       |       ||    17
         Boomerang         |       |       |       |    79 |    57 ||   136
  Evoke: Wand              |       |       |       |     2 |     1 ||     3
    Use: Scroll            |       |     2 |     4 |    10 |    10 ||    26
         Potion            |       |       |     2 |     2 |     4 ||     8
   Stab: Invisible         |       |       |       |     4 |       ||     4
         Sleeping          |       |       |       |     1 |     4 ||     5
 Armour: Scale mail        |    76 |   118 |   117 |       |       ||   311
         Steam dragon scal |       |       |    39 |   130 |       ||   169
         Skin              |       |       |       |     1 |       ||     1
         Troll leather arm |       |       |       |   108 |    83 ||   191
         Crystal plate arm |       |       |       |       |   399 ||   399
         Leather armour    |       |       |       |       |    43 ||    43
  Dodge: Dodged            |    52 |   115 |   145 |   222 |   251 ||   785
  Block: Buckler           |    25 |    45 |   126 |     9 |       ||   205
         Kite shield       |       |       |       |   629 |  1057 ||  1686
         Reflection        |       |       |       |     8 |    15 ||    23
         Other             |       |       |       |     2 |       ||     2
